 Dungeon Crawl Stone Soup version 0.29.0-7-g18a832c13a (webtiles) character file.

Game seed: 1886550450514145762

20685 Ijustatesigmund the Severer (level 12, -6/113 HPs)
             Began as a Hill Orc Fighter on Aug 29, 2022.
             Was a High Priest of Cheibriados.
             Mangled by a vault guard
             ... wielding a +0 halberd
              (12 damage)
             ... on level 13 of the Dungeon on Aug 30, 2022.
             The game lasted 00:30:49 (16216 turns).

Ijustatesigmund the Severer (Hill Orc Fighter)     Turns: 16216, Time: 00:30:49

Health: -6/113     AC: 22    Str: 32    XL:     12   Next: 82%
Magic:  19/19      EV: 13    Int: 25    God:    Cheibriados [*****.]
Gold:   1105       SH: 17    Dex: 25    Spells: 11/11 levels left

rFire   . . .      SeeInvis .   e - +4 broad axe (protect)
rCold   . . .      Faith    .   c - +0 kite shield
rNeg    . . .      Spirit   .   b - +4 ring mail
rPois   .          Reflect  .   B - +0 helmet
rElec   .          Harm     .   (no cloak)
rCorr   +          Rampage  .   f - +1 pair of gloves
Will    .....                   H - +0 pair of boots {Fly}
Stlth   +.........              (no amulet)
HPRegen 0.28/turn               k - ring of resist corrosion
MPRegen 0.16/turn               (no ring)

@: under a protective aura, flying, invisible, very slow
A: large bone plates 1, agile 1, clever 1
a: Renounce Religion, Bend Time, Temporal Distortion, Slouch, Step From Time


You were on level 13 of the Dungeon.
You worshipped Cheibriados.
Cheibriados was extremely pleased with you.
You visited 2 branches of the dungeon, and saw 14 of its levels.
You also visited: Sewer and Bailey.

You collected 1535 gold pieces.
You spent 430 gold pieces at shops.

Inventory:

Hand Weapons
 a - a +2 war axe of electrocution
 e - a +4 broad axe of protection (weapon)
 y - a +2 flail of protection
Missiles
 M - a throwing net (quivered)
Armour
 b - a +4 ring mail (worn)
 c - a +0 kite shield (worn)
 f - a +1 pair of gloves (worn)
 B - a +0 helmet (worn)
 H - a +0 pair of boots of flying (worn)
 O - a +2 troll leather armour {Snorg}
Magical Staves
 t - a staff of conjuration
Jewellery
 k - a ring of resist corrosion (left hand)
 F - the ring of Neygaguk {+Blink Fly rElec rC- MP+9}
   (You took it off a kobold in a bailey)

   [ring of flight]

   rC:        It makes you vulnerable to cold.
   rElec:     It insulates you from electricity.
   MP:        It affects your magic capacity (+9).
   Fly:       It grants you flight.
   +Blink:    It lets you blink.
Wands
 p - a wand of flame (46)
 z - a wand of polymorph (9)
 A - a wand of digging (2)
 I - a wand of charming (7)
 K - a wand of light (7)
 L - a wand of roots (6)
Scrolls
 m - 9 scrolls of teleportation
 o - 2 scrolls of blinking
 r - a scroll of fear
 u - 4 scrolls of amnesia
 v - 5 scrolls of poison
 w - 2 scrolls of magic mapping
 D - a scroll of summoning
 E - a scroll of silence
 J - 2 scrolls of fog
Potions
 d - 3 potions of lignification
 g - 2 potions of might
 h - 6 potions of attraction
 i - 4 potions of flight
 l - a potion of ambrosia
 n - 4 potions of brilliance
 q - 12 potions of curing
 x - 3 potions of magic
 C - 2 potions of cancellation
 N - a potion of resistance
 P - 2 potions of mutation


   Skills:
 + Level 12.4 Fighting
 + Level 16.4 Axes
 - Level 7.5 Armour
 - Level 4.4 Dodging
 + Level 7.7 Shields
 + Level 9.6 Invocations
 - Level 3.9 Evocations


You had 11 spell levels left.
You didn't know any spells.
Your spell library contained the following spells:

 Spells                   Type           Power      Damage    Failure   Level
 Slow                     Hex            0%         N/A       41%         1
 Summon Small Mammal      Summ           0%         N/A       41%         1
 Poisonous Vapours        Pois/Air       0%         N/A       56%         2
 Sublimation of Blood     Necr           0%         N/A       56%         2
 Call Canine Familiar     Summ           0%         N/A       80%         3
 Confusing Touch          Hex            0%         N/A       80%         3
 Conjure Flame            Conj/Fire      0%         6-21      80%         3
 Ignite Poison            Fire/Tmut/Pois 0%         N/A       80%         3
 Summon Guardian Golem    Hex/Summ       0%         N/A       80%         3
 Vampiric Draining        Necr           0%         2d6       80%         3
 Corpse Rot               Necr/Pois/Air  0%         N/A       99%         4
 Leda's Liquefaction      Hex/Erth       0%         N/A       99%         4
 Petrify                  Tmut/Erth      0%         N/A       99%         4
 Sticky Flame             Conj/Fire      0%         2d3       99%         4
 Irradiate                Conj/Tmut      0%         3d11      100%        5
 Lee's Rapid Deconstruct  Erth           0%         3d5*      100%        5
 Yara's Violent Unravell  Hex/Tmut       0%         3d3       100%        5
 Statue Form              Tmut/Erth      0%         N/A       100%        6
 Enfeeble                 Hex            0%         N/A       100%        7


Dungeon Overview and Level Annotations

Branches:
Dungeon (13/15)            Temple (1/1) D:7            Lair (0/5) D:10
    Orc (0/2) D:9           Sewer (visited)          Bailey (visited)
 Vaults: D:13-14

Altars:
Ashenzari
Cheibriados
Dithmenos
Elyvilon
Fedhas
Gozag
Hepliaklqana
Kikubaaqudgha
Makhleb
Okawaru
Ru
Sif Muna
Uskayaw
Vehumet
Wu Jian
Xom
Yredelemnul
Zin
The Shining One
Beogh

Shops:
D:1 ?   D:4 !   D:7 !   D:10 !

Annotations:
D:3 3 runed translucent doors, ImASeal's ghost, amateur GnWn


Innate Abilities, Weirdness & Mutations

You are partially covered in large bone plates. (SH +4)
You are agile. (Dex +4, Str/Int -1)
Your mind is acute. (Int +4, Str/Dex -1)


Message History

There is an open door, spattered with blood here.
You closely miss the vault guard.
The vault guard hits you with a +0 great sword!
The vault guard hits you from afar with a +0 halberd.
* * * LOW HITPOINT WARNING * * *
You barely miss the vault guard.
The vault guard hits you with a +0 great sword!!
* * * LOW HITPOINT WARNING * * *
The vault guard barely misses you.
You closely miss the vault guard.
The vault guard hits you with a +0 great sword.
* * * LOW HITPOINT WARNING * * *
You block the vault guard's attack.
Unknown command.
You feel much better. You block the vault guard's attack. x2
You fade into invisibility!
You block the vault guard's attack.
The vault guard hits you with a +0 great sword!
* * * LOW HITPOINT WARNING * * *
You slash the vault guard!
Your weapon exudes an aura of protection.
The vault guard is moderately wounded.
The vault guard hits you with a +0 great sword.
* * * LOW HITPOINT WARNING * * *
The vault guard hits you from afar with a +0 halberd!
* * * LOW HITPOINT WARNING * * *
You hit the vault guard.
The vault guard is moderately wounded.
The vault guard closely misses you. You block the vault guard's attack.
You hit the vault guard but do no damage.
The vault guard is moderately wounded.
The vault guard barely misses you.
The vault guard hits you with a +0 great sword!
* * * LOW HITPOINT WARNING * * *
As you read the scroll of fear, it crumbles to dust.
You assume a fearsome visage.
The vault guard resists with some effort.
The vault guard looks frightened!
The vault guard hits you from afar with a +0 halberd!
You die...

#.# *,,,,,,* #... #.#
**+***** #### #.# *,* #.#
*,* #.# *,** # #.# *,,# #
##'##### #####'###*** #
#......###........,,* #
#.>....#.@.p......,,* **#
#......#.#........,,* **,+
#......'.#p.......,,***,,#
#......###........,,+,,,*#
#......# #........,,*****
#....<.# #........,,*
#......# ##+######***
######## *,*** *,,,*****
*****


You could see 2 vault guards.

Vanquished Creatures
  Snorg (D:11)
  2 vault guards (D:13)
  A boulder beetle (D:12)
  2 hydras
  3 two-headed ogres
  Nergalle (D:12)
  2 manticores
  A cyclops (D:11)
  An elephant (D:10)
  Joseph (D:9)
  2 gargoyles
  An unseen horror (D:12)
  A komodo dragon (D:11)
  2 trolls
  A hornet (D:9)
  Grinder (D:5)
  5 slime creatures
  2 wraiths
  4 wyverns
  A vampire (D:11)
  7 yaks
  2 basilisks (D:10)
  Grum (D:10)
  A water elemental (D:12)
  3 steam dragons
  Eustachio (D:5)
  Menkaure (D:5)
  2 vampire mosquitoes (D:11)
  Edmund (D:5)
  3 water moccasins
  3 acid dragons
  9 orc warriors
  An ice beast (D:7)
  2 sky beasts
  2 black bears
  An ogre (D:5)
  2 wolves (D:10)
  4 centaurs
  A phantom (D:6)
  Blork the orc (D:4)
  A kobold brigand (D:9)
  4 gnoll sergeants
  5 bullfrogs
  A necrophage (D:5)
  2 scorpions
  10 wights
  18 killer bees
  10 howler monkeys
  3 electric eels
  4 hounds
  A gnoll bouda (D:7)
  6 orc priests
  An iguana (D:4)
  4 jellies
  8 orc wizards
  14 adders
  25 gnolls
  6 river rats (Sewer)
  A shadow imp (D:6)
  A white imp (D:5)
  4 worms
  2 dart slugs
  37 orcs
  4 endoplasms
  5 giant cockroaches
  15 goblins
  7 hobgoblins
  25 kobolds
  7 quokkas
  18 ball pythons
  4 bats
  4 frilled lizards (Sewer)
  27 rats
367 creatures vanquished.

Vanquished Creatures (others)
  A sky beast (D:8)
  An orc wizard (D:9)
  5 plants (D:1)
7 creatures vanquished.

Grand Total: 374 creatures vanquished

Notes
Turn   | Place    | Note
-------+----------+-------------------------------------------
     0 | D:1      | Ijustatesigmund the Hill Orc Fighter began the quest for
                  | the Orb.
     0 | D:1      | Reached XP level 1. HP: 19/19 MP: 1/1
    12 | D:1      | Noticed a bullfrog
    26 | D:1      | Reached skill level 3 in Axes
    80 | D:1      | Reached XP level 2. HP: 27/27 MP: 2/2
   106 | D:1      | Found Qaol's Magic Scroll Shoppe.
   126 | D:1      | Bought a scroll of identify for 24 gold pieces
   148 | D:1      | Gained mutation: You are partially covered in large bone
                  | plates. (SH +4) [potion of mutation]
   148 | D:1      | Gained mutation: You are agile. (Dex +4, Str/Int -1)
                  | [potion of mutation]
   148 | D:1      | Gained mutation: Your mind is acute. (Int +4, Str/Dex -1)
                  | [potion of mutation]
   150 | D:1      | Identified a scroll of acquirement
   150 | D:1      | Acquired 589 gold pieces
   191 | D:1      | Bought a scroll of identify for 24 gold pieces
   191 | D:1      | Bought a scroll of magic mapping for 90 gold pieces
   191 | D:1      | Bought a scroll of identify for 24 gold pieces
   191 | D:1      | Bought a scroll of identify for 24 gold pieces
   191 | D:1      | Bought a scroll of identify for 24 gold pieces
   499 | D:1      | Reached skill level 4 in Axes
   780 | D:2      | Reached XP level 3. HP: 33/33 MP: 3/3
   902 | D:2      | Found an iron altar of Okawaru.
  1311 | D:2      | Found a faded altar of an unknown god.
  1317 | D:2      | Reached XP level 4. HP: 40/40 MP: 4/4
  1380 | D:2      | Reached skill level 5 in Axes
  1508 | D:3      | Found a glowing drain.
  1542 | Sewer    | Entered a sewer
  1687 | Sewer    | Reached XP level 5. HP: 25/47 MP: 5/5
  2018 | Sewer    | Reached skill level 6 in Axes
  2450 | Sewer    | Reached XP level 6. HP: 36/53 MP: 6/6
  2454 | Sewer    | Reached skill level 7 in Axes
  2768 | D:3      | Noticed ImASeal's ghost (amateur GnWn)
  2777 | D:3      | Found a runed translucent gate.
  2777 | D:3      | Found a runed translucent gate.
  2792 | D:3      | Found a runed translucent gate.
  3068 | D:4      | Reached skill level 5 in Fighting
  3108 | D:4      | Found Ciothaup's Distillery.
  3115 | D:4      | Bought a potion of might for 40 gold pieces
  3115 | D:4      | Bought a potion of lignification for 30 gold pieces
  3135 | D:4      | Found a glowing silver altar of Zin.
  3152 | D:4      | Found an iron altar of Okawaru.
  3154 | D:4      | Noticed Blork the orc
  3162 | D:4      | Killed Blork the orc
  3163 | D:4      | Reached skill level 8 in Axes
  3163 | D:4      | Reached XP level 7. HP: 34/61 MP: 7/7
  3854 | D:5      | Entered Level 5 of the Dungeon
  3912 | D:5      | Noticed Grinder
  3915 | D:5      | Paralysed by Grinder for 4 turns
  3923 | D:5      | Paralysed by Grinder for 5 turns
  3936 | D:5      | Paralysed by Grinder for 3 turns
  3945 | D:5      | Killed Grinder
  3946 | D:5      | Reached skill level 9 in Axes
  4090 | D:5      | Reached skill level 5 in Armour
  4276 | D:5      | Found a blossoming altar of Fedhas.
  4292 | D:5      | Reached XP level 8. HP: 69/69 MP: 8/8
  4575 | D:5      | Noticed Eustachio
  4575 | D:5      | Noticed Edmund
  4584 | D:5      | Killed Edmund
  4586 | D:5      | Noticed Menkaure
  4593 | D:5      | Reached skill level 10 in Axes
  4600 | D:5      | Killed Menkaure
  4612 | D:5      | Killed Eustachio
  4797 | D:5      | Reached skill level 11 in Axes
  5118 | D:6      | Found a shimmering blue altar of Sif Muna.
  5200 | D:6      | Reached XP level 9. HP: 44/78 MP: 9/9
  5527 | D:6      | Found an opulent altar of Gozag.
  5709 | D:6      | Reached skill level 12 in Axes
  5844 | D:6      | You fall into a shaft and drop 3 floors!
  6052 | D:9      | Reached skill level 1 in Evocations
  6194 | D:9      | Reached skill level 1 in Dodging
  6250 | D:9      | Noticed a hornet
  6260 | D:9      | Noticed a troll
  6274 | D:9      | Killed a troll
  6275 | D:9      | Reached skill level 13 in Axes
  6276 | D:9      | Killed a hornet
  6277 | D:9      | Reached XP level 10. HP: 40/88 MP: 10/10
  6775 | D:8      | Found a flagged portal.
  6783 | Bailey   | Entered a bailey
  7132 | Bailey   | Identified the ring of Neygaguk {+Blink Fly rElec rC- MP+9}
  7408 | D:7      | Found a staircase to the Ecumenical Temple.
  7508 | Temple   | Entered the Ecumenical Temple
  7516 | Temple   | Became a worshipper of Cheibriados the Contemplative
  7582 | D:7      | Reached skill level 1 in Invocations
  7582 | D:7      | Found Jeym's Distillery.
  7718 | D:6      | Found a runed translucent door.
  7891 | D:6      | Reached * piety under Cheibriados
  8008 | D:6      | Found a roughly hewn altar of Beogh.
  8103 | D:7      | Bought a potion of lignification for 30 gold pieces
  8140 | D:7      | Reached ** piety under Cheibriados
  8293 | D:7      | Reached skill level 14 in Axes
  9014 | D:8      | Noticed a manticore
  9023 | D:8      | Reached XP level 11. HP: 99/99 MP: 13/13
  9034 | D:8      | Killed a manticore
  9220 | D:8      | Reached *** piety under Cheibriados
  9390 | D:8      | Upgraded the game from 0.29.0-5-ge4962eb29e to
                  | 0.29.0-7-g18a832c13a
  9407 | D:8      | Reached skill level 10 in Fighting
 10369 | D:8      | Identified the +8 long sword of Quantum Leap {drain, rElec}
 10490 | D:9      | Found a staircase to the Orcish Mines.
 10497 | D:9      | Found a roughly hewn altar of Beogh.
 10506 | D:9      | Reached skill level 5 in Invocations
 10549 | D:9      | Noticed Joseph
 10563 | D:9      | Killed Joseph
 10721 | D:9      | Found an ornate altar of the Wu Jian Council.
 10766 | D:9      | Reached **** piety under Cheibriados
 11048 | D:10     | Entered Level 10 of the Dungeon
 11053 | D:10     | Noticed a two-headed ogre
 11061 | D:10     | Killed a two-headed ogre
 11504 | D:10     | Found a staircase to the Lair.
 11528 | D:10     | Reached skill level 15 in Axes
 11919 | D:10     | Noticed a two-headed ogre
 11923 | D:10     | Killed a two-headed ogre
 11924 | D:10     | Reached skill level 5 in Shields
 12209 | D:10     | Noticed Grum
 12220 | D:10     | Killed Grum
 12759 | D:10     | Found Leashruci's Distillery.
 12764 | D:10     | Bought 2 potions of might for 120 gold pieces
 13182 | D:11     | Noticed a seven-headed hydra
 13191 | D:11     | Killed a seven-headed hydra
 13333 | D:11     | Noticed a cyclops
 13352 | D:11     | Killed a cyclops
 13353 | D:11     | Reached XP level 12. HP: 104/110 MP: 17/17
 14003 | D:11     | Reached ***** piety under Cheibriados
 14356 | D:11     | Noticed Snorg
 14377 | D:11     | Killed Snorg
 14898 | D:12     | Noticed Nergalle
 14913 | D:12     | Killed Nergalle
 14932 | D:12     | Noticed a two-headed ogre
 14943 | D:12     | Killed a two-headed ogre
 14944 | D:12     | Reached skill level 16 in Axes
 15458 | D:12     | Found an ancient bone altar of Kikubaaqudgha.
 15644 | D:12     | Noticed a boulder beetle
 15656 | D:12     | Killed a boulder beetle
 16083 | D:13     | Noticed a four-headed hydra
 16086 | D:13     | Noticed a vault guard
 16087 | D:13     | Noticed a vault guard
 16092 | D:13     | Killed a four-headed hydra
 16093 | D:13     | Noticed a vault guard
 16096 | D:13     | Noticed a vault guard
 16100 | D:13     | Killed a vault guard
 16106 | D:13     | Noticed a vault guard
 16109 | D:13     | Killed a vault guard
 16111 | D:13     | Noticed a vault guard
 16115 | D:13     | Noticed a vault guard
 16205 | D:13     | Noticed a vault guard
 16210 | D:13     | HP: 5/113 [vault guard/+0 great sword (6)]
 16216 | D:13     | Mangled by a vault guard

Illustrated notes

Levels and vault maps discovered:
D:1:      evilmike_arrival_come_back, layout_rooms, serial_forest,
          infiniplex_forest_lined_3_way, infiniplex_forest_join,
          infiniplex_forest_lined_2, infiniplex_forest_clump_small,
          infiniplex_forest_straight_3, infiniplex_forest_zigzag_1,
          infiniplex_forest_split, infiniplex_forest_straight_1,
          infiniplex_forest_clump_C, serial_shops,
          nicolae_shop_temple_entry_statues_fountains
D:2:      kennysheep_big_flooded_room, layout_rooms, basic_altar,
          hellmonk_ecumenical_altar_leap_of_faith, minmay_shallow_snake_nest
D:3:      layout_rooms, cheibrodos_sewer_entry_drain, gammafunk_ghost_split
D:4:      layout_cave_pools, mainiacjoe_overflow_large_starburst, serial_shops,
          nicolae_shop_statue_plus, chequers_serial_rivers_small_b,
          uniq_blork_the_orc
D:5:      layout_basic, mainiacjoe_overflow_chevrons, uniq_eustachio,
          uniq_edmund, uniq_grinder, uniq_menkaure
D:6:      layout_cave_pods, kennysheep_little_box, overflow_temple_1_default,
          lightli_church_of_beogh
D:7:      layout_loops_ring, minmay_temple_entry_from_below_b, serial_shops,
          nicolae_shop_waterfront, dreamdust_wishing_well
D:8:      layout_basic, enter_bailey_2, kennysheep_island_fort
D:9:      layout_irregular_city, nicolae_wu_jian_immortal_techniques,
          minmay_orc_entry_temple_small, uniq_joseph
D:10:     layout_loops_corners, david_lair_generic, serial_shops, shop,
          serial_rivers, chequers_serial_rivers_micro_e,
          chequers_serial_rivers_large_a, chequers_serial_rivers_large_b,
          chequers_serial_rivers_micro_e, fountainhead, uniq_grum
D:11:     layout_grid_maze, uniq_snorg
D:12:     layout_basic, nrook_pool_corridor,
          nicolae_kikubaaqudgha_miasma_corner, uniq_nergalle
D:13:     layout_roguey, erik_vaults_2, portal_ice_cave_rime,
          nicolae_qazlal_general_emergency
Temple:   nicolae_temple_x_marks_the_god

Skill      XL: |  1  2  3  4  5  6  7  8  9 10 11 12 |
---------------+-------------------------------------+-----
Axes           | 3 4 5 6 8 9 11 13 14 15 16 | 16.4
Fighting       | 4 5 6 8 9 11 12 | 12.4
Armour         | 4 5 6 7 |  7.5
Evocations     | 2 3 |  3.9
Dodging        | 2 4 |  4.4
Invocations    | 3 7 9 |  9.6
Shields        | 5 7 |  7.7

Action                   |  1- 3 |  4- 6 |  7- 9 | 10-12 || total
-------------------------+-------+-------+-------+-------++-------
Melee: War axe           |   105 |   155 |   219 |   518 ||   997
       Flail             |       |       |       |    14 ||    14
       Broad axe         |       |       |       |    25 ||    25
Invok: Slouch            |       |       |       |     1 ||     1
Evoke: Wand              |       |       |     4 |    11 ||    15
  Use: Scroll            |    15 |     7 |     4 |    14 ||    40
       Potion            |     1 |     1 |     4 |     6 ||    12
Armor: Scale mail        |    39 |       |       |       ||    39
       Plate armour      |    17 |   141 |   132 |   176 ||   466
       Ring mail         |       |       |       |    42 ||    42
Dodge: Dodged            |    32 |    32 |    48 |   196 ||   308
Block: Buckler           |    44 |    87 |    81 |   187 ||   399
       Kite shield       |       |       |       |   141 ||   141
